Map: Abyssal Reef LE

Players

IIIIIIIIIIII (SouLeer)

  • Race: Zerg Zerg
  • League: Grandmaster
  • Spawn Location: 11:00

Railgan - Winner!

  • Race: Zerg Zerg
  • League: Grandmaster
  • Spawn Location: 5:00

VOD

Have the link to the VOD?

Description

Time

  • Played on: March 24, 2017, 6:08 p.m.
  • Length: 11:44
Show
View Real Time Build Order
Export as new Build Order

IIIIIIIIIIII Zerg 

Build Orders: Hatch First 

Get SALT Encoding   

  12  0:00  Drone  
  13  0:12  Overlord  
  13  0:17  Drone  
  14  0:30  Drone x2  
  14  0:35  Drone  
  17  0:52  Hatchery  
  17  0:55  Drone  
  17  0:57  Drone  
  18  1:09  Extractor  
  17  1:12  Spawning Pool  
  17  1:15  Drone  
  17  1:19  Drone  
  18  1:28  Drone  
  19  1:39  Overlord  
  19  1:59  Queen  
  19  2:00  Zergling x4  
  23  2:04  Queen  
  23  2:05  Zergling x2  
  26  2:11  Zergling x2  
  26  2:13  Metabolic Boost  
  24  2:25  Zergling x2  
  20  2:34  Zergling x2  
  19  2:44  Drone  
  20  2:50  Zergling x2  
  21  2:55  Zergling x2  
  22  3:07  Drone  
  22  3:08  Drone x2  
  25  3:13  Zergling x2  
  25  3:18  Zergling x2  
  22  3:36  Zergling x2, Queen  
  22  3:39  Zergling x2  
  23  3:50  Spine Crawler, Zergling x2  
  23  4:02  Zergling x2  
  24  4:03  Baneling Nest  
  21  4:11  Zergling x2  
  22  4:22  Zergling x2  
  23  4:34  Zergling x2  
  23  4:47  Zergling x6  
  23  4:48  Zergling x2  
  23  4:50  Queen  
  24  4:59  Zergling x2  
  24  5:01  Baneling x2  
  24  5:10  Zergling x2  
  25  5:20  Zergling x6  
  28  5:22  Zergling x2  
  29  5:34  Zergling x2  
  28  5:47  Zergling x2  
  29  6:03  Baneling x3, Hatchery  
  29  6:04  Baneling x3  
  27  6:11  Zergling x2  
  27  6:15  Zergling x2  
  29  6:24  Zergling x4  
  28  6:28  Zergling x2  
  26  6:36  Zergling x2  
  23  6:42  Zergling x2  
  23  6:43  Baneling  
  23  6:44  Baneling x2  
  23  6:46  Baneling  
  24  6:49  Baneling  
  24  6:51  Baneling  
  24  6:57  Zergling x2  
  21  7:15  Drone x3  
  21  7:16  Drone  
  24  7:25  Drone x2  
  26  7:37  Drone x2  
  30  7:44  Drone x3  
  30  7:50  Queen  
  33  7:53  Zergling x2  
  33  7:57  Drone  
  35  8:00  Zergling x2  
  35  8:01  Baneling  
  36  8:07  Baneling x3  
  36  8:10  Overlord  
  35  8:28  Zergling x2  
  35  8:29  Zergling x12  
  42  8:34  Zergling x2  
  42  8:37  Overlord  
  43  8:51  Hatchery  
  42  8:57  Zergling x6  
  42  9:00  Zergling x2  
  46  9:04  Zergling x2  
  46  9:05  Zergling x2  
  46  9:07  Zergling x2  
  49  9:11  Zergling x4  
  49  9:16  Overlord  
  51  9:30  Zergling x2  
  52  9:35  Zergling x2  
  52  9:36  Zergling x10  
  58  9:40  Zergling x2  
  58  9:44  Zergling x2  
  58  9:54  Zergling x2  
  58  9:55  Zergling x2  
  58  9:59  Zergling x2  
  54  10:04  Drone x3  
  54  10:05  Drone x4  
  59  10:14  Roach Warren  
  58  10:18  Zergling x4  
  59  10:22  Zergling x4  
  59  10:27  Zergling x4  
  60  10:31  Zergling x2  
  60  10:32  Evolution Chamber  
  60  10:34  Zergling x2  
  61  10:36  Zergling x4  
  61  10:38  Zergling x2  
  61  10:39  Zergling x2  
  63  10:43  Zergling x2  
  63  10:45  Zergling x2  
  63  10:46  Zergling x2  
  63  10:47  Zergling x2  
  57  10:53  Zergling x4  
  57  10:57  Zergling x4  
  53  11:11  Zergling x4  
  52  11:13  Baneling x3  
  52  11:14  Baneling  
  51  11:22  Baneling x5  
  50  11:27  Zergling x2  
Show
View Real Time Build Order
Export as new Build Order

Railgan Zerg - Winner!

Build Orders: Pool First 

Get SALT Encoding   

  12  0:19  Spawning Pool  
  11  0:21  Drone  
  11  0:26  Drone  
  13  0:31  Drone  
  14  0:40  Overlord  
  14  0:45  Extractor  
  13  1:05  Zergling x6  
  13  1:07  Queen  
  18  1:16  Zergling x2  
  19  1:27  Zergling x2  
  20  1:39  Zergling x2  
  21  1:47  Metabolic Boost  
  21  1:49  Zergling x2  
  22  1:59  Overlord  
  22  2:07  Baneling Nest  
  21  2:10  Zergling x2  
  22  2:27  Zergling x2  
  20  2:34  Zergling x6  
  23  2:49  Zergling x2  
  23  2:50  Zergling x2  
  25  2:53  Zergling x2  
  25  2:59  Baneling x4  
  26  3:05  Drone  
  26  3:15  Drone  
  22  3:38  Drone x2  
  23  3:43  Drone  
  23  3:45  Zergling x2  
  25  3:48  Baneling  
  25  3:51  Hatchery  
  24  4:00  Drone  
  24  4:06  Zergling x2  
  24  4:10  Zergling x2  
  24  4:15  Zergling x2  
  26  4:19  Zergling x4  
  26  4:22  Baneling  
  28  4:27  Zergling x2  
  28  4:30  Baneling  
  28  4:37  Queen  
  27  4:54  Drone  
  27  4:55  Drone x2  
  27  4:56  Overlord  
  29  5:00  Baneling x4  
  29  5:06  Zergling x2  
  29  5:07  Zergling x2  
  31  5:14  Zergling x2  
  32  5:18  Zergling x2  
  32  5:19  Overlord  
  30  5:29  Zergling x2  
  30  5:30  Zergling x2  
  31  5:36  Drone x2  
  31  5:40  Spine Crawler  
  32  5:48  Zergling x2  
  33  5:52  Drone  
  33  5:56  Zergling x6  
  37  5:59  Baneling x2  
  37  6:01  Zergling x2  
  36  6:05  Zergling x2  
  37  6:12  Queen  
  37  6:17  Drone  
  40  6:25  Zergling x6  
  37  6:28  Zergling x2  
  37  6:29  Zergling x2  
  37  6:31  Zergling x2  
  37  6:36  Zergling x2  
  37  6:39  Baneling  
  38  6:40  Baneling x2  
  38  6:42  Zergling x2  
  39  6:52  Queen  
  41  6:57  Drone x2  
  41  6:58  Baneling  
  43  7:02  Zergling x2  
  43  7:07  Zergling x2  
  42  7:10  Drone  
  42  7:11  Zergling x2  
  42  7:12  Baneling x2  
  44  7:18  Drone x3  
  47  7:29  Overlord  
  47  7:41  Drone x2  
  47  7:42  Drone  
  47  7:44  Drone  
  49  7:45  Drone  
  49  7:50  Lair, Drone  
  51  7:55  Roach Warren  
  51  7:57  Evolution Chamber  
  51  7:58  Drone x2  
  50  8:04  Drone x2  
  53  8:14  Drone  
  53  8:15  Drone  
  55  8:20  Extractor, Drone x2  
  55  8:22  Extractor  
  54  8:29  Drone x2  
  54  8:30  Drone  
  57  8:35  Zerg Missile Weapons Level 1  
  57  8:36  Overlord, Roach  
  57  8:37  Overlord  
  59  8:51  Hatchery, Overlord x2, Glial Reconstitution  
  58  8:56  Roach x2  
  58  9:00  Roach  
  64  9:06  Baneling x4  
  64  9:08  Roach x2  
  68  9:13  Roach  
  68  9:14  Roach  
  68  9:16  Roach  
  73  9:22  Roach x3  
  79  9:30  Overlord  
  77  9:31  Roach  
  77  9:32  Roach  
  77  9:35  Extractor  
  77  9:37  Roach x2  
  84  9:41  Roach  
  84  9:43  Roach  
  87  9:56  Roach  
  87  9:57  Roach x3  
  94  10:05  Roach x2  
  98  10:08  Queen  
  98  10:10  Overlord  
  100  10:16  Roach  
  100  10:19  Roach x2  
  105  10:24  Overlord  
  105  10:36  Overlord, Roach x4  
  111  10:48  Roach x4  
  113  10:50  Roach  
  113  10:55  Roach  
  113  10:56  Roach  
  119  11:02  Roach  
  119  11:03  Roach  
  123  11:11  Overlord  
  123  11:21  Overlord x2  
  125  11:38  Ravager  
  122  11:40  Hatchery  
  122  11:41  Ravager  
Tags
 
Add a new tag
Caveats
  • Supply blocks, unpowered buildings, or Contaminate may cause inaccurate times.
  • Supply counts are checked every 10 seconds.